 Dungeon Crawl Stone Soup version 0.31-a0-489-g282fc92437 (webtiles) character file.

Game seed: 5174416889618533364

11193 MacCMillion the Grappler (level 11, -5/111 HPs)
             Began as a Troll Shapeshifter on Aug 8, 2023.
             Was a Priest of Wu Jian.
             Killed by divine providence
             ... invoked by a meliai
              (16 damage)
             ... on level 12 of the Dungeon.
             The game lasted 00:19:56 (10995 turns).

MacCMillion the Grappler (Troll Shapeshifter)      Turns: 10995, Time: 00:19:56

Health: -5/111     AC:  4    Str: 35    XL:     11   Next: 46%
Magic:  10/10      EV:  9    Int:  4    God:    Wu Jian [***...]
Gold:   733        SH:  9    Dex: 10    Spells: 10/10 levels left

rFire   . .          .
                       - Unarmed
rCold   . . .        A - +0 kite shield
rNeg    . . .        a - +0 animal skin
rPois   .            (helmet currently unavailable)
rElec   .            (cloak currently unavailable)
rCorr   .            (gloves unavailable)
SInv    +            (boots unavailable)
Will    .....        (no amulet)
Stlth   +            r - +6 ring of strength
HPRegen 1.18/turn    B - ring of see invisible
MPRegen 0.12/turn

%: no passive effects
@: lethally poisoned (-5 -> -13), about to teleport, beast-form
A: beast (slay +5), large, unfitting armour, claws 3, regeneration 1, shaggy fur
1, tough skin 1
a: Begin Untransformation, Renounce Religion, Wall Jump, Serpent's Lash


You were on level 12 of the Dungeon.
You worshipped Wu Jian.
Wu Jian was most pleased with you.
You were a hulking beast.
You visited 2 branches of the dungeon, and saw 13 of its levels.
You also visited: Ossuary.

You collected 785 gold pieces.
You spent 52 gold pieces at shops.

Inventory:

Missiles
 D - 30 poisoned darts (quivered)
 H - a throwing net
 J - 2 curare-tipped darts
 P - 4 large rocks
Armour
 a - a +0 animal skin (worn)
 A - a +0 kite shield (worn)
 C - a +1 cloak of willpower
 S - a scarf of repulsion
Jewellery
 r - a +6 ring of strength (left claw)
 B - a ring of see invisible (right claw)
Talismans
 c - a beast talisman (active)
 E - a serpent talisman
Wands
 w - a wand of mindburst (31)
 x - a wand of digging (6)
 I - a wand of flame (25)
 O - a wand of quicksilver (5)
Scrolls
 b - 2 scrolls of blinking {unknown}
 f - 7 scrolls of teleportation
 g - a scroll of enchant armour
 h - a scroll of amnesia {unknown}
 m - a scroll of brand weapon {unknown}
 n - 4 scrolls of fear
 p - 3 scrolls of immolation
 t - 2 scrolls of noise
 u - 4 scrolls of poison
 v - a scroll of silence {unknown}
 y - 3 scrolls of revelation {unknown}
 G - 4 scrolls of vulnerability {unknown}
 K - a scroll of acquirement {unknown}
 M - 5 scrolls of identify
 Q - a scroll of enchant weapon {unknown}
Potions
 d - a potion of enlightenment
 e - a potion of magic {unknown}
 i - 4 potions of brilliance
 j - a potion of berserk rage {unknown}
 k - 3 potions of haste
 l - 4 potions of curing
 o - 4 potions of attraction
 q - 5 potions of heal wounds
 s - a potion of cancellation {unknown}
 z - 4 potions of invisibility {unknown}
 F - a potion of ambrosia
 L - a potion of mutation {unknown}
 N - 2 potions of degeneration {unknown}
 R - a potion of lignification


   Skills:
 + Level 7.8 Fighting
 - Level 1.5 Dodging
 - Level 6.0 Shields
 + Level 12.1 Unarmed Combat
 * Level 7.6 Shapeshifting


You had 10 spell levels left.
You didn't know any spells.
Your spell library contained the following spells:

 Spells                   Type           Power      Damage    Failure   Level
 Freeze                   Ice            0%         1d3       67%         1
 Summon Small Mammal      Summ           0%         N/A       67%         1
 Blink                    Tloc           0%         N/A       80%         2
 Static Discharge         Conj/Air       0%         2-2/arc   80%         2
 Call Canine Familiar     Summ           0%         N/A       95%         3
 Frozen Ramparts          Ice            0%         1d1       95%         3
 Hailstorm                Conj/Ice       0%         3d3       95%         3
 Summon Guardian Golem    Hex/Summ       0%         N/A       95%         3
 Airstrike                Air            0%         2d(0-16)  100%        4
 Manifold Assault         Tloc           0%         N/A       100%        4
 Summon Ice Beast         Ice/Summ       0%         N/A       100%        4
 Summon Lightning Spire   Summ/Air       0%         N/A       100%        4
 Simulacrum               Ice/Necr       0%         N/A       100%        6


Dungeon Overview and Level Annotations

Branches:
Dungeon (12/15)            Temple (1/1) D:4            Lair (0/5) D:9
    Orc (0/2) D:9         Ossuary (visited)

Altars:
Ashenzari
Cheibriados
Dithmenos
Elyvilon
Fedhas
Gozag
Hepliaklqana
Kikubaaqudgha
Makhleb
Nemelex Xobeh
Okawaru
Qazlal
Ru
Sif Muna
Trog
Uskayaw
Vehumet
Wu Jian
Xom
Yredelemnul
Zin
The Shining One

Shops:
D:3 *?

Annotations:
D:7 2 transporters, Menkaure


Innate Abilities, Weirdness & Mutations

You are a hulking beast.
Your limbs bulge with bestial killing power. (Slay +5)
You are too large for most types of armour.
You have claws for hands.
Your natural rate of healing is unusually fast.
You are covered in fur. (AC +1)
You have tough skin. (AC +1)


Message History

The killer bee buzzes angrily.
Found seven yak corpses and 7 potions of ambrosia.
There are monsters nearby!
The killer bee buzzes angrily.
The killer bee stings you!
The meliai invokes the aid of its god against you.
Something smites you!
You hear an angry buzzing noise.
The killer bee attacks as you move away!
The killer bee stings you.
The killer bee attacks as you move away!
You block the killer bee's attack.
You hear an angry buzzing noise.
The meliai mumbles some strange prayers to its god against you.
Something smites you!
You spin and attack the killer bee.
You barely miss the killer bee. You block the killer bee's attack.
The meliai calls down the wrath of its god upon you.
Something smites you! The killer bee misses you.
You spin and attack the killer bee.
You closely miss the killer bee. The killer bee stings you!
You block the killer bee's attack.
The killer bee stings you but does no damage.
As you read the scroll of teleportation, it crumbles to dust.
You feel strangely unstable.
The meliai calls down the wrath of its god upon you.
Something smites you! The killer bee barely misses you.
The killer bee stings you.
* * * LOW HITPOINT WARNING * * *
You are poisoned.
The killer bee poisons you! The killer bee stings you.
* * * LOW HITPOINT WARNING * * *
You are more poisoned.
The killer bee poisons you!
The meliai calls down the wrath of its god upon you.
Something smites you!
* * * LOW HITPOINT WARNING * * *
The killer bee misses you.
The meliai calls down the wrath of its god upon you.
Something smites you!
You die... yy†.†' y†yy# †yy

##y# #yy#
##y## ##yy#
#yy## #h## #.#
#.# #
##.###.>..
#######......#
........######
#######.# #.#
#.#


You could see 3 meliai and 9 killer bees.

Vanquished Creatures
  Erica (D:7)
  A boulder beetle (D:8)
  A two-headed ogre (D:8)
  A cyclops (D:11)
  A manticore (D:11)
  A naga mage (D:11)
  2 unseen horrors
  A troll (D:11)
  3 hornets
  2 wyverns
  A vampire (D:11)
  A shadow (D:10)
  13 yaks
  A wraith (D:9)
  3 wargs (D:9)
  An acid dragon (D:11)
  A water moccasin (D:8)
  An ice beast (D:6)
  4 orc warriors
  A sky beast (D:6)
  An ogre (D:7)
  2 centaurs
  4 kobold brigands
  2 elf zombies
  Blork the orc (D:6)
  3 bullfrogs
  4 scorpions
  3 elf skeletons (D:8)
  18 wights
  2 howler monkeys
  4 jellies
  3 orc priests
  3 hounds
  A human zombie (Ossuary)
  Crazy Yiuf (D:7)
  2 human skeletons (D:8)
  A gnoll bouda (D:8)
  2 iguanas
  A sleepcap (D:6)
  Ijyb (D:4)
  8 orc wizards
  4 mummies (Ossuary)
  A hound zombie (Ossuary)
  5 gnolls
  8 adders
  2 white imps (D:7)
  2 dart slugs
  25 orcs
  7 bats
  6 endoplasms
  3 giant cockroaches
  6 hobgoblins
  3 quokkas
  5 ball pythons
  3 frilled lizards
  2 goblins
  2 goblin zombies (Ossuary)
  2 jackal zombies (Ossuary)
  31 kobolds
  2 orc zombies (Ossuary)
  9 rats
  3 rat zombies (Ossuary)
  A spectral hobgoblin (D:8)
240 creatures vanquished.

Notes
Turn   | Place    | Note
-------+----------+-------------------------------------------
     0 | D:1      | MacCMillion the Troll Shapeshifter began the quest for the
                  | Orb.
     0 | D:1      | Reached XP level 1. HP: 18/18 MP: 0/0
   206 | D:1      | Reached XP level 2. HP: 26/26 MP: 1/1
   446 | D:1      | Reached skill level 4 in Unarmed Combat
   628 | D:1      | Reached XP level 3. HP: 9/32 MP: 2/2
  1709 | D:3      | Reached XP level 4. HP: 40/40 MP: 3/3
  1733 | D:3      | Found a sacrificial altar of Ru.
  1759 | D:3      | Found an opulent altar of Gozag.
  1771 | D:3      | Found Gozag's Platinum Reserve.
  1774 | D:3      | Reached skill level 5 in Unarmed Combat
  1789 | D:3      | Found Gaikky's Magic Scroll Boutique.
  1800 | D:3      | Bought a scroll of noise for 13 gold pieces
  1800 | D:3      | Bought a scroll of teleportation for 39 gold pieces
  1914 | D:3      | Identified the +9 whip "Killer Bee's Doom" {pain, +Blink
                  | rElec rPois Will-}
  2331 | D:3      | Found a faded altar of an unknown god.
  2482 | D:4      | Noticed a scorpion
  2500 | D:4      | Killed a scorpion
  2501 | D:4      | Reached skill level 6 in Unarmed Combat
  2501 | D:4      | Reached XP level 5. HP: 44/46 MP: 4/4
  2554 | D:4      | Found a staircase to the Ecumenical Temple.
  2660 | Temple   | Entered the Ecumenical Temple
  2814 | D:3      | Found an ornate altar of the Wu Jian Council.
  2824 | D:3      | Became a worshipper of the Wu Jian Council
  2967 | D:4      | Noticed Ijyb
  2971 | D:4      | Killed Ijyb
  3168 | D:4      | Reached XP level 6. HP: 48/54 MP: 5/5
  3466 | D:4      | Reached skill level 7 in Unarmed Combat
  3593 | D:5      | Entered Level 5 of the Dungeon
  3684 | D:5      | Found a broken altar of Ashenzari.
  3789 | D:5      | Found a white marble altar of Elyvilon.
  4449 | D:5      | Found a shimmering altar of Xom.
  4503 | D:5      | Reached skill level 8 in Unarmed Combat
  4503 | D:5      | Reached skill level 1 in Fighting
  4503 | D:5      | Reached XP level 7. HP: 62/62 MP: 6/6
  4650 | D:6      | Noticed Blork the orc
  4652 | D:6      | Reached skill level 1 in Shields
  4658 | D:6      | Killed Blork the orc
  4922 | D:6      | Reached XP level 8. HP: 74/74 MP: 7/7
  5255 | D:7      | Found a transporter.
  5323 | D:7      | Reached * piety under Wu Jian
  5350 | D:7      | Reached skill level 9 in Unarmed Combat
  5401 | D:7      | Found a runed translucent door.
  5402 | D:7      | Noticed Crazy Yiuf
  5465 | D:7      | Found a shimmering blue altar of Sif Muna.
  5487 | D:7      | Found an ancient bone altar of Kikubaaqudgha.
  5490 | D:7      | Noticed Menkaure
  5492 | D:7      | Found a basalt altar of Yredelemnul.
  5495 | D:7      | Found a transporter.
  5975 | D:7      | Killed Crazy Yiuf
  6320 | D:8      | Noticed Erica
  6413 | D:7      | Killed Erica
  6414 | D:7      | Reached XP level 9. HP: 85/85 MP: 8/8
  6618 | D:8      | Reached skill level 5 in Shields
  6720 | D:8      | Noticed a two-headed ogre
  6726 | D:8      | Killed a two-headed ogre
  6727 | D:8      | Reached skill level 5 in Fighting
  6727 | D:8      | Reached skill level 10 in Unarmed Combat
  6859 | D:8      | Found a sand-covered staircase.
  6868 | Ossuary  | Entered an ossuary
  6885 | Ossuary  | Reached ** piety under Wu Jian
  7295 | D:8      | Found a hazy altar of Hepliaklqana.
  7647 | D:8      | Noticed a boulder beetle
  7655 | D:8      | Killed a boulder beetle
  7656 | D:8      | Reached XP level 10. HP: 33/98 MP: 9/9
  7922 | D:9      | Reached skill level 11 in Unarmed Combat
  8151 | D:9      | Found a staircase to the Lair.
  8168 | D:9      | Reached skill level 5 in Shapeshifting
  8349 | D:9      | Found a staircase to the Orcish Mines.
  8371 | D:9      | Reached *** piety under Wu Jian
  9182 | D:10     | Entered Level 10 of the Dungeon
  9273 | D:10     | Reached XP level 11. HP: 103/109 MP: 10/10
  9402 | D:10     | Found a glowing golden altar of the Shining One.
  9404 | D:10     | Found a glowing silver altar of Zin.
  9502 | D:10     | Found a sparkling altar of Nemelex Xobeh.
  9681 | D:10     | Found an iron altar of Okawaru.
  9685 | D:10     | Found a hide-covered altar of Uskayaw.
  9688 | D:10     | Found a bloodstained altar of Trog.
 10391 | D:11     | Reached skill level 12 in Unarmed Combat
 10995 | D:12     | Killed from afar by a meliai

Illustrated notes

Levels and vault maps discovered:
D:1:      heliophobic_arrival_battle_scene, layout_loops_ring, serial_rivers,
          chequers_serial_rivers_micro_e, chequers_serial_rivers_micro_e,
          chequers_serial_rivers_marsh, chequers_serial_rivers_small_a
D:2:      layout_basic, minmay_tiny_reverse_x
D:3:      layout_basic, nicolae_ru_awakened_eye,
          nicolae_gozag_zags_fifth_avenue, nicolae_overflow_hidden_temple,
          serial_shops, nicolae_shop_just_a_little_nook,
          hellmonk_ecumenical_altar_leap_of_faith
D:4:      layout_basic, lemuel_temple_firewalk_b, grunt_ministairs_9, uniq_ijyb
D:5:      layout_loops_ring, lemuel_coloured_pillars_altar,
          nicolae_elyvilon_peaceful_grove, evilmike_ruin_ashenzari,
          kennysheep_cluttered_room, kennysheep_pointless_box
D:6:      layout_rooms, uniq_blork_the_orc
D:7:      layout_gridville, gammafunk_temple_of_torment,
          nicolae_sif_muna_little_library, uniq_crazy_yiuf_cottage
D:8:      layout_loops_corners, nicolae_hepliaklqana_monster_ancestors,
          nicolae_ossuary_entry_catacombs, fungi_pond_lemuel, uniq_erica
D:9:      layout_irregular_city, erik_lair_orcish_takeover, david_orc_3
D:10:     layout_loops_ring, kennysheep_little_box,
          grunt_temple_overflow_diamond, mainiacjoe_overflow_catwalk_spiral
D:11:     layout_irregular_city, minmay_librarian
D:12:     layout_roguey [special_room_bee], serial_shops, shop, drop_trap
Temple:   hellmonk_temple_beads

Skill      XL: |  1  2  3  4  5  6  7  8  9 10 11 |
---------------+----------------------------------+-----
Unarmed Combat | 4 6 8 9 10 11 12 | 12.1
Fighting       | 1 2 4 6 7 |  7.8
Shields        | 2 4 6 |  6.0
Shapeshifting  | 6 7 |  7.6
Dodging        | |  1.5

Action                     |  1- 3 |  4- 6 |  7- 9 | 10-12 || total
---------------------------+-------+-------+-------+-------++-------
  Melee: Unarmed           |   111 |    81 |   204 |   204 ||   600
         Punch             |     3 |     3 |       |       ||     6
  Throw: Dart              |       |       |     6 |     5 ||    11
 Invoke: Serpent's Lash    |       |       |       |     1 ||     1
Ability: Lunge             |       |    15 |    31 |    31 ||    77
         Whirlwind         |       |       |    25 |    31 ||    56
  Evoke: Wand              |       |       |     1 |     2 ||     3
    Use: Scroll            |       |       |    10 |     1 ||    11
         Potion            |       |       |     2 |     1 ||     3
   Stab: Sleeping          |     2 |     1 |       |       ||     3
 Armour: Animal skin       |    41 |    23 |    16 |    20 ||   100
         Skin              |       |       |     2 |       ||     2
  Dodge: Dodged            |    37 |    21 |    36 |    45 ||   139
  Block: Kite shield       |       |       |    46 |    66 ||   112

Table legend: (Time is in decaauts)
 A = Elapsed time spent in this place.
 B = Non-inter-level travel time spent in this place.
 C = Inter-level travel time spent in this place.
 D = Time resting spent in this place.
 E = Time spent auto-exploring this place.
 F = Levels seen in this place.
 G = Mean time per level.
                   A        B        C        D        E       F      G
               +--------+--------+--------+--------+--------+-----+--------+
         Total |  10938 |   9779 |   1159 |   1260 |   6661 |  14 |  781.3 |
       Dungeon |  10658 |   9499 |   1159 |   1160 |   6632 |  12 |  888.2 |
        Temple |      1 |      1 |      0 |      0 |      0 |   1 |    1.0 |
       Ossuary |    277 |    277 |      0 |    100 |     29 |   1 |  277.0 |
               +--------+--------+--------+--------+--------+-----+--------+

Top non-repeatable levels by time:
     D:9: 1203 daAuts
     D:8: 1203 daAuts
     D:4: 1146 daAuts
    D:11: 1117 daAuts
     D:5: 1088 daAuts
     D:3: 982 daAuts
     D:7: 909 daAuts
     D:1: 829 daAuts
     D:2: 824 daAuts
     D:6: 666 daAuts
    D:10: 601 daAuts
 Ossuary: 277 daAuts
    D:12: 85 daAuts
  Temple: 1 daAuts
